 Dungeon Crawl Stone Soup version 0.21.1-1-g345015f (webtiles) character file.

175 inc the Scratcher (level 5, 0/22 HPs)
             Began as a Felid Enchanter on Feb 22, 2018.
             Was an Initiate of Ashenzari.
             Killed by divine providence
             ... invoked by an orc priest
              (15 damage)
             ... on level 3 of the Dungeon.
             The game lasted 00:05:46 (2893 turns).

inc the Scratcher (Felid Enchanter)                 Turns: 2893, Time: 00:05:47

Health: 0/22       AC:  1    Str:  4    XL:     5   Next: 29%
Magic:  2/9        EV: 18    Int: 18    God:    Ashenzari [......]
Gold:   88         SH:  2    Dex: 16    Spells: 2/8 levels left
                                        Lives:  0   Deaths: 1

rFire    . . .     SeeInvis +     - Unarmed
rCold    . . .     Gourm    .   (shield unavailable)
rNeg     . . .     Faith    .   (armour unavailable)
rPois    .         Spirit   .   (helmet unavailable)
rElec    .         Reflect  +   (cloak unavailable)
rCorr    .         Harm     .   (gloves unavailable)
MR       .....                  (boots unavailable)
Stlth    +++.......             i - +2 amulet of reflection (curse)
HPRegen  0.07/turn              (no ring)
MPRegen  0.11/turn              (no ring)

@: very slightly contaminated, quick
A: very small, no armour, no weapons or thrown items, stealth, claws 1, fangs 3,
see invisible, carnivore, speed 1, shaggy fur 1, slow metabolism 1, sharp paws
a: Curse Item, Renounce Religion


You were on level 3 of the Dungeon.
You worshipped Ashenzari.
Ashenzari was noncommittal.
You were not hungry.

You visited 1 branch of the dungeon, and saw 5 of its levels.

You collected 88 gold pieces.

Inventory:

Jewellery
 i - a cursed +2 amulet of reflection (around neck)
Wands
 p - a wand of acid (12)
Scrolls
 c - 5 scrolls of identify {unknown}
 d - a scroll of magic mapping {unknown}
 j - 2 scrolls of teleportation {unknown}
 k - 2 scrolls of remove curse
 l - 2 scrolls of immolation {unknown}
 q - a scroll of enchant armour {unknown}
Potions
 e - 2 potions of brilliance {unknown}
 f - a potion of agility {unknown}
 g - 3 potions of ambrosia {unknown}
 h - a potion of heal wounds {unknown}
 m - a potion of invisibility {unknown}
 n - a potion of degeneration {unknown}
 o - a potion of resistance {unknown}
 r - a potion of might {unknown}
Books
 a - a book of Maledictions

   Spells                             Type                      Level
   a - Corona                         Hexes                        1
   b - Ensorcelled Hibernation        Hexes/Ice                    2
   c - Confuse                        Hexes                        3
   d - Tukima's Dance                 Hexes                        3
   e - Dazzling Spray                 Conjuration/Hexes            3
Comestibles
 b - 6 rations


   Skills:
 + Level 1.6 Fighting
 - Level 2.6 Dodging
 - Level 4.0 Stealth
 - Level 5.3 Unarmed Combat
 - Level 2.0 Spellcasting
 - Level 4.4 Hexes


You had 2 spell levels left.
You knew the following spells:

 Your Spells              Type           Power        Failure   Level  Hunger
a - Corona                Hex            ###....      3%          1    #......
b - Ensorcelled Hibernat  Hex/Ice        #.....       11%         2    ###....
c - Confuse               Hex            ###.....     9%          3    ###....


Dungeon Overview and Level Annotations

Branches:
Dungeon (5/15)
 Temple: D:4-7

Altars:
Ashenzari


Innate Abilities, Weirdness & Mutations

You cannot wear armour.
You are incapable of wielding weapons or throwing items.
Your paws allow you to move quietly. (Stealth)
You have sharp claws.
You have razor-sharp teeth.
You have supernaturally acute eyesight. (SInv)
You are carnivorous and can eat meat at any time.
You cover ground quickly.
You are covered in fur. (AC +1)
You have a slow metabolism.
Your sharp claws are effective at attacking unaware monsters.


Message History

Press: ? - help, Shift-Dir - straight line, f/p - orc priest
Aim: an orc priest, wielding a club (chance to defeat MR: 40%)
The orc priest resists with some effort.
Casting: Ensorcelled Hibernation
Confirm with . or Enter, or press ? or * to list all spells.
Aiming: Ensorcelled Hibernation
Press: ? - help, Shift-Dir - straight line, f/p - orc priest
Aim: an orc priest, wielding a club (chance to defeat MR: 40%)
You miscast Ensorcelled Hibernation.
You are very lightly contaminated with residual magic.
Wisps of condensation drift from your paws.
The orc priest barely misses you.
Casting: Ensorcelled Hibernation
Confirm with . or Enter, or press ? or * to list all spells.
You don't have enough magic to cast that spell.
The orc priest miscasts a cantrip.
The orc priest calls down the wrath of Beogh upon you.
Beogh smites you!
Ouch! That really hurt!
You die...

####.##...g......#...
#g#####.......# ..
#o# #.##........ #.#
#.#.####### #.# #..#
#.# #.#.. #.# .#...≈.
#.# # # .≈.oo #@##
..≈≈≈ #..# ####
##.#### ##.##(##
#..>.#.##
#...###.#######
#....#........#
#####.#######.####
### #.....


You could see an orc priest and a hobgoblin.

Vanquished Creatures
  A scorpion (D:4)
  A howler monkey (D:2)
  A worker ant (D:5)
  Natasha (D:3)
  4 adders
  2 dart slugs
  4 leopard geckos
  4 orcs
  A bat (D:1)
  A giant cockroach (D:4)
  4 goblins
  3 hobgoblins
  2 jackals (D:1)
  2 quokkas
  2 ball pythons
  2 frilled lizards
  A jackal skeleton (D:4)
  3 kobolds
  A leopard gecko zombie (D:5)
  8 rats
48 creatures vanquished.

Notes
Turn   | Place    | Note
-------+----------+-------------------------------------------
     0 | D:1      | inc the Felid Enchanter began the quest for the Orb.
     0 | D:1      | Reached XP level 1. HP: 7/7 MP: 4/4
   218 | D:1      | Reached skill level 2 in Unarmed Combat
   263 | D:1      | Reached XP level 2. HP: 11/11 MP: 6/6
   675 | D:1      | You fall through a shaft!
   747 | D:2      | Reached skill level 3 in Unarmed Combat
   934 | D:2      | Learned a level 2 spell: Ensorcelled Hibernation
   994 | D:2      | Found a shattered altar of Ashenzari.
  1006 | D:2      | Reached XP level 3. HP: 14/14 MP: 5/7
  1030 | D:2      | Became a worshipper of Ashenzari the Shackled
  1364 | D:2      | Reached skill level 4 in Unarmed Combat
  1364 | D:2      | Reached XP level 4. HP: 18/18 MP: 5/8
  1586 | D:3      | Killed from afar by an orc priest
  1587 | D:3      | Reached XP level 3. HP: -2/14 MP: 0/7
  1721 | D:4      | Noticed a phantom
  1740 | D:5      | Entered Level 5 of the Dungeon
  1821 | D:5      | Reached XP level 4. HP: 15/18 MP: 2/8
  1889 | D:5      | Noticed a big kobold
  2402 | D:4      | Reached skill level 5 in Unarmed Combat
  2447 | D:4      | Learned a level 3 spell: Confuse
  2510 | D:3      | Noticed Natasha
  2520 | D:3      | Reached XP level 5. HP: 20/21 MP: 0/9
  2607 | D:3      | Killed Natasha
  2607 | D:3      | Reached skill level 1 in Fighting
  2893 | D:3      | Killed from afar by an orc priest

Skill      XL: |  1  2  3  4  5 |
---------------+----------------+-----
Unarmed Combat | 2 3 4 5 |  5.3
Fighting       | 1 |  1.6
Dodging        | |  2.6
Stealth        | |  4.0
Spellcasting   | |  2.0
Hexes          | |  4.4

Action                   |  1- 3 |  4- 6 || total
-------------------------+-------+-------++-------
Melee: Unarmed           |    76 |    25 ||   101
       Bite              |     6 |       ||     6
       Punch             |     1 |       ||     1
 Cast: Corona            |     3 |     2 ||     5
       Ensorcelled Hiber |     6 |    26 ||    32
       Confuse           |       |     2 ||     2
Invok: Curse Item        |     1 |       ||     1
 Stab: Sleeping          |    11 |    10 ||    21
       Distracted        |     1 |       ||     1
  Eat: Chunk             |     6 |     5 ||    11
Armor: Skin              |     4 |     4 ||     8
Dodge: Dodged            |    39 |    23 ||    62
Block: Other             |     3 |     2 ||     5
